 Dungeon Crawl Stone Soup version 0.28.0-53-g5a82cb258f (webtiles) character file.

Game seed: 1026905219489604846

28 gobodom the Conjurer (level 3, 0/21 HPs)
             Began as an Octopode Conjurer on June 7, 2022.
             Slain by an adder (1 damage)
             ... on level 2 of the Dungeon.
             The game lasted 00:05:13 (1609 turns).

gobodom the Conjurer (Octopode Conjurer)            Turns: 1609, Time: 00:05:14

Health: 0/21       AC:  1    Str:  8    XL:     3   Next: 12%
Magic:  6/6        EV: 13    Int: 20    God:
Gold:   28         SH:  0    Dex: 10    Spells: 5/6 levels left

rFire   . . .      SeeInvis .   h - +1 dagger (holy)
rCold   . . .      Faith    .   (no shield)
rNeg    . . .      Spirit   .   (helmet restricted)
rPois   .          Reflect  .   (no amulet)
rElec   .          Harm     .   (no ring)
rCorr   .          Rampage  .   (no ring)
Will    .....                   (no ring)
Stlth   +++.......              (no ring)
HPRegen 0.07/turn               (no ring)
MPRegen 0.10/turn               (no ring)
                                (no ring)
                                (no ring)

@: lethally poisoned (0 -> -4)
A: almost no armour, amphibious, 8 rings, camouflage 1, gelatinous body 1,
(nimble swimmer 1), tentacles
a: no special abilities


You were on level 2 of the Dungeon.
You visited 1 branch of the dungeon, and saw 2 of its levels.

You collected 28 gold pieces.

Inventory:

Hand Weapons
 h - a +1 dagger of holy wrath (weapon)
Missiles
 f - 2 poisoned darts (quivered)
Scrolls
 c - a scroll of noise {unknown}
 d - a scroll of immolation {unknown}
 e - a scroll of summoning {unknown}
 g - a scroll of teleportation {unknown}
Potions
 b - a potion of berserk rage {unknown}
 i - a potion of flight {unknown}


   Skills:
 + Level 2.2 Dodging
 + Level 3.4 Stealth
 + Level 0.3 Unarmed Combat
 + Level 2.1 Spellcasting
 + Level 4.4 Conjurations


You had 5 spell levels left.
You knew the following spells:

 Your Spells              Type           Power      Damage    Failure   Level
a - Magic Dart            Conj           76%        1d6       2%          1

Your spell library contained the following spells:

 Spells                   Type           Power      Damage    Failure   Level
 Searing Ray              Conj           38%        2d5       3%          2
 Conjure Flame            Conj/Fire      11%        6-21      19%         3
 Dazzling Flash           Conj/Hex       22%        N/A       19%         3
 Ignite Poison            Fire/Tmut/Pois 2%         N/A       43%         3
 Fulminant Prism          Conj/Hex       5%         3d7       52%         4
 Iskenderun's Mystic Bla  Conj/Tloc      11%        2d4       52%         4
 Sticky Flame             Conj/Fire      11%        2d3       52%         4


Dungeon Overview and Level Annotations

Branches:
Dungeon (2/15)

Altars:


Innate Abilities, Weirdness & Mutations

You cannot wear most types of armour.
You are amphibious.
You can wear up to eight rings at the same time.
Your skin changes colour to match your surroundings (Stealth+).
Your rubbery body absorbs attacks. (AC +1, EV +1)
((You are camouflaged when in or above water. (Stealth+)))
You have tentacles for arms and can constrict up to eight enemies at once.


Message History

Increase (S)trength, (I)ntelligence, or (D)exterity?
You feel stronger. x2
You start resting.
You feel sick. x2
You are no longer poisoned.
You see here an adder corpse.
You start resting.
Magic restored.
You start resting.
HP restored.
There is a stone staircase leading down here.
You climb downwards.
The ball python barely misses you. The ball python grabs you.
The ball python constricts you.
A jackal comes into view.
The adder barely misses you. The ball python barely misses you.
The ball python constricts you. The adder bites you but does no damage.
There is a stone staircase leading up here.
You hit the adder. Your grab misses the adder. Your squeeze misses the adder.
The adder is moderately wounded.
The ball python closely misses you. The ball python constricts you.
The adder barely misses you.
You barely miss the adder. Your grab misses the adder.
Your squeeze misses the adder.
The adder is moderately wounded.
The ball python misses you. The ball python constricts you.
The adder bites you.
You are poisoned.
The adder poisons you! The ball python completely misses you.
The ball python constricts you.
You barely miss the adder. Your grab misses the adder. You squeeze the adder.
The adder is heavily wounded.
You feel sick. The adder bites you. The ball python bites you.
* * * LOW HITPOINT WARNING * * *
The ball python constricts you.
* * * LOW HITPOINT WARNING * * *
The jackal bites you.
* * * LOW HITPOINT WARNING * * *
You escape the ball python's grasp.
* * * LOW HITPOINT WARNING * * *
You feel sick. The adder bites you.
You die...

#...####..#
###...##...## #
#..$........# .+
...#......##.##.##
#.....†...##.....#
###....##.##..#####
#....##..÷.......#
.......###h..#......
.....#.. #@S.#......
.......##.S.#........
....... ##..#........
.... . .....#......
.............
.............
.........#....
..........


You could see an adder, a jackal and a ball python.

Vanquished Creatures
  An adder (D:1)
  2 giant cockroaches (D:1)
  5 goblins (D:1)
  A hobgoblin (D:1)
  2 quokkas (D:1)
  2 bats
  A frilled lizard (D:1)
  3 rats
17 creatures vanquished.

Notes
Turn   | Place    | Note
-------+----------+-------------------------------------------
     0 | D:1      | gobodom the Octopode Conjurer began the quest for the Orb.
     0 | D:1      | Reached XP level 1. HP: 11/11 MP: 3/3
   392 | D:1      | Reached XP level 2. HP: 11/17 MP: 5/5
   874 | D:1      | Found a faded altar of an unknown god.
  1359 | D:1      | Reached XP level 3. HP: 6/21 MP: 2/6
  1609 | D:2      | HP: 1/21 [poisoned by an adder]
  1609 | D:2      | Slain by an adder

Illustrated notes

Levels and vault maps discovered:
D:1:      sevenhm_arrival_forest_fort_small_3, layout_loops_corners,
          dilly_ecumenical_altar_fadedgnrine, nicolae_figureground_sparkle
D:2:      layout_rooms, grunt_ministairs_14

Skill      XL: |  1  2 |
---------------+-------+-----
Stealth        | 3 |  3.4
Dodging        | |  2.2
Unarmed Combat | |  0.3
Spellcasting   | |  2.1
Conjurations   | |  4.4

Action                   || total
-------------------------++-------
Melee: Unarmed           ||    28
       Tentacles         ||    12
       Constrict         ||     9
       Punch             ||     2
       Dagger            ||    22
 Cast: Magic Dart        ||     5
  Use: Potion            ||     2
       Scroll            ||     1
 Stab: Sleeping          ||     6
Armor: Skin              ||     5
Dodge: Dodged            ||    49
